 Dungeon Crawl Stone Soup version 0.31.0-1-g2c135a008e (webtiles) character file.

Game seed: 9815394989950882347

69 qw the Shooter (level 4, -1/35 HPs)
             Began as a Djinni Hunter on Jan 23, 2024.
             Killed from afar by an orc wizard (4 damage)
             ... with a magic dart
             ... on level 3 of the Dungeon.
             The game lasted 00:00:05 (1490 turns).

qw the Shooter (Djinni Hunter)                      Turns: 1490, Time: 00:00:06

Health: -1/35      AC:  3    Str: 10    XL:     4   Next: 42%
Gold:   90         EV: 12    Int: 10    God:
                   SH:  0    Dex: 19

rFire   + + .        a - +0 shortbow
rCold   x . .        (shield currently unavailable)
rNeg    . . .        c - +0 leather armour
rPois   inf          (no helmet)
rElec   .            (no cloak)
rCorr   .            (no gloves)
SInv    .            (boots unavailable)
Will    .....        f - amulet of regeneration
Stlth   ++           (no ring)
HPRegen 1.05/turn    (no ring)
MPRegen 0.00/turn

%: infuse magic (-2 HP)
@: flying
A: sickness immunity, fire resistance 2, cold vulnerability 1, float, innate
caster, HP casting, extra vitality 1
a: no special abilities


You were on level 3 of the Dungeon.
You visited 1 branch of the dungeon, and saw 3 of its levels.

You collected 90 gold pieces.


Innate Abilities, Weirdness & Mutations

You are immune to sickness and miasma.
You are immune to poison.
Your flesh is very heat resistant. (rF++)
You are vulnerable to cold. (rC-)
You float through the air rather than walking.
You learn spells naturally, not from books.
Your magical power is your life essence.
You have superior vitality. (+4 MHP)


   Skills:
 - Level 3.0 Fighting
 - Level 4.0 Ranged Weapons
 + Level 2.8 Dodging
 - Level 0.7 Stealth


You knew the following spells:

 Your Spells              Type           Power      Damage    Failure   Level
a - Shock                 Conj/Air       0%         1d3       45%         1
Your spell library was empty.

Inventory:

Hand Weapons
 a - a +0 shortbow (weapon)
Armour
 c - a +0 leather armour (worn)
Jewellery
 f - an amulet of regeneration (around neck)
Potions
 d - a potion of curing

Dungeon Overview and Level Annotations

Branches:
Dungeon (3/15)

Altars:

Shops:
D:2 (   D:3 (:


Message History

You shoot an arrow. The arrow barely misses the orc wizard.
The arrow hits the orc.
The orc is heavily wounded.
The orc priest calls upon Beogh to heal the orc.
The orc's wounds heal themselves!
The orc wizard completely misses you. The orc barely misses you.
The orc wizard hits you with a +0 dagger of electrocution.
You shoot an arrow.
The arrow closely misses the orc wizard.
The arrow hits the orc priest.
The orc priest is moderately wounded.
The orc hits you with a +0 club. The orc wizard misses you.
You shoot an arrow.
The arrow hits the orc wizard but does no damage.
The orc wizard is heavily wounded.
The orc hits you but does no damage. The orc wizard closely misses you.
You shoot an arrow. The arrow hits the orc wizard.
The orc wizard is heavily wounded.
The orc wizard hits you but does no damage.
The orc hits you with a +0 club.
You shoot an arrow. The arrow hits the orc wizard.
The orc wizard is heavily wounded.
The orc wizard hits you with a +0 dagger of electrocution.
The orc priest mumbles some strange prayers to Beogh against you.
Beogh smites you! The orc closely misses you. The orc hits you with a +0 club.
The orc wizard gestures wildly while chanting.
The orc wizard flickers and vanishes!
Deactivating autopickup; reactivate with Ctrl-A.
You shoot an arrow. The arrow hits the orc.
The orc is heavily wounded.
The orc priest casts a cantrip, but nothing happens.
You hear some strange, mumbled words.
Something tries to affect you, but you resist.
The orc hits you but does no damage.
You shoot an arrow. The arrow hits the orc!
You kill the orc!
You hear some strange, mumbled words.
A magic dart appears from out of thin air!
The magic dart hits you.
You die...

### .(. ### ..##
#.. ... # . #.#
..#.#.. # #.#
.......
#.##.##).....#
#.....@{o.))..
####.###.....#
######.## ....#
#.......# ###.
#.####..# #.#
##..# # #
#..####.###...####
#.##
.................+
+...
...####.#.#...#.##
#...


You could see an orc priest.

Vanquished Creatures
  An adder (D:2)
  3 dart slugs (D:1)
  3 orcs (D:3)
  3 endoplasms
  3 giant cockroaches
  2 goblins (D:1)
  5 hobgoblins
  15 jackals (D:1)
  A kobold (D:1)
  4 ball pythons
  3 frilled lizards
  2 rats (D:1)
45 creatures vanquished.

Notes
Turn   | Place    | Note
-------+----------+-------------------------------------------
     0 | D:1      | qw the Djinni Hunter began the quest for the Orb.
     0 | D:1      | Reached XP level 1. HP: 18/18 MP: 0/0
     0 | D:1      | 0 ||| qw: Version: 0.3-a-132-g3d54051
     0 | D:1      | 0 ||| qw: Game counter: 607
     0 | D:1      | 0 ||| qw: Melee chars always use a shield: true
     0 | D:1      | 0 ||| qw: God list: Okawaru
     0 | D:1      | 0 ||| qw: Allow faded altars: false
     0 | D:1      | 0 ||| qw: Do Orc after clearing Dungeon:15 true
     0 | D:1      | 0 ||| qw: Do second Lair branch before Depths: true
     0 | D:1      | 0 ||| qw: Lair rune preference: random
     0 | D:1      | 0 ||| qw: Goals: Normal
     0 | D:1      | 0 ||| PLANNING D:1-11
    40 | D:1      | Reached XP level 2. HP: 16/23 MP: 0/0
   254 | D:1      | Reached skill level 4 in Ranged Weapons
   254 | D:1      | Reached XP level 3. HP: 19/28 MP: 0/0
   254 | D:1      | Learned a level 1 spell: Shock
   620 | D:1      | Reached XP level 4. HP: 34/34 MP: 0/0
   717 | D:1      | 717 ||| UPGRADING to amulet of regeneration.
   722 | D:1      | 722 ||| DRINKING 2 pink potions.
   723 | D:1      | 723 ||| DRINKING orange potion.
   728 | D:1      | 728 ||| DROPPING scroll of butterflies.
   729 | D:1      | 729 ||| DROPPING potion of ambrosia.
   803 | D:2      | Reached skill level 3 in Fighting
  1080 | D:2      | Found Haibrulli's Weapon Shoppe.
  1368 | D:2      | 1368 ||| READING scroll labelled MEME FAFEUJE.
  1369 | D:2      | 1369 ||| READING scroll labelled CAK CABELI.
  1370 | D:2      | 1370 ||| READING scroll labelled GASSIPSOANG.
  1371 | D:2      | 1371 ||| FLEEEEING.
  1373 | D:2      | 1373 ||| READING scroll labelled WUAROF WITSEA.
  1374 | D:2      | 1374 ||| READING scroll labelled FEAGAM DIL.
  1374 | D:2      | 1374 ||| IDENTIFYING 2 clear potions
  1375 | D:2      | 1375 ||| DRINKING 2 purple potions.
  1376 | D:2      | 1376 ||| DROPPING potion of brilliance.
  1400 | D:3      | Found Dakuf's Book Shop.
  1416 | D:3      | Found Tauschu's Weapon Shop.
  1478 | D:3      | 1478 ||| DRINKING 2 potions of curing.
  1478 | D:3      | 1478 ||| (to cure confusion)
  1488 | D:3      | HP: 3/35 [orc priest/divine providence (13)]
  1488 | D:3      | HP: 1/35 [orc/+0 club (2)]
  1490 | D:3      | Killed from afar by an orc wizard

Levels and vault maps discovered:
D:1:      roadster_arrival_rocket_small, layout_loops_ring
D:2:      layout_basic, serial_shops, shop
D:3:      layout_loops_corners, serial_shops, shop, nicolae_shop_peninsula, shop

Skill      XL: |  1  2  3  4 |
---------------+-------------+-----
Ranged Weapons | 4 |  4.0
Fighting       | 3 |  3.0
Dodging        | |  2.8
Stealth        | |  0.7

Action                     |  1- 3 |  4- 6 || total
---------------------------+-------+-------++-------
   Fire: Shortbow          |    88 |    45 ||   133
    Use: Scroll            |       |     5 ||     5
         Potion            |       |     4 ||     4
 Armour: Leather armour    |    32 |    18 ||    50
  Dodge: Dodged            |    36 |    10 ||    46

Table legend:
 A = Non-vault XP
 B = Vault XP
 C = Vault XP percentage of total XP
 D = Non-vault monster count
 E = Vault monster count
 F = Vault count percentage of total count
                 A         B        C        D         E       F
            +---------+---------+-------+---------+---------+-------
      Total |     102 |       0 |   0.0 |      45 |       0 |   0.0
            +---------+---------+-------+---------+---------+-------
        D:1 |      70 |       0 |   0.0 |      35 |       0 |   0.0
        D:2 |      22 |       0 |   0.0 |       6 |       0 |   0.0
        D:3 |      10 |       0 |   0.0 |       4 |       0 |   0.0
            +---------+---------+-------+---------+---------+-------
